 Dungeon Crawl Stone Soup version 0.22-a0-460-g49b1da7 (webtiles) character file.

1626 4thArraOfDagon the Cleaver (level 8, 0/81 HPs)
             Began as a Minotaur Gladiator on June 9, 2018.
             Slain by a hornet (13 damage)
             ... on level 7 of the Dungeon.
             The game lasted 00:07:37 (1517 turns).

4thArraOfDagon the Cleaver (Minotaur Gladiator)     Turns: 1517, Time: 00:07:38

Health: 0/81       AC: 11    Str: 19    XL:     8   Next: 65%
Magic:  7/7        EV:  8    Int:  5    God:
Gold:   90         SH:  0    Dex: 12    Spells: 7/7 levels left

rFire    + . .     SeeInvis .   a - +0 war axe
rCold    . . .     Gourm    .   (no shield)
rNeg     . . .     Faith    .   q - +0 plate armour {rF+}
rPois    .         Spirit   .   c - +0 hat
rElec    .         Reflect  .   (no cloak)
rCorr    .         Harm     +   j - +0 pair of gloves
MR       ++...                  (no boots)
Stlth    ..........             t - amulet of harm
HPRegen  0.23/turn              p - ring of stealth
MPRegen  0.10/turn              u - ring of protection from magic

@: lethally poisoned (0 -> -3), slowed, very slow
A: retaliatory headbutt, hooves 1, horns 2, dopey 1, magic resistance 1, robust
1
a: no special abilities


You were on level 7 of the Dungeon.
You were not hungry.

You visited 1 branch of the dungeon, and saw 7 of its levels.

You collected 174 gold pieces.
You spent 84 gold pieces at shops.

Inventory:

Hand Weapons
 a - a +0 war axe (weapon)
Missiles
 d - a throwing net (quivered)
Armour
 b - a +0 leather armour
 c - a +0 hat (worn)
 j - a +0 pair of gloves (worn)
 q - a +0 plate armour of fire resistance (worn)
Jewellery
 p - a ring of stealth (left hand)
 t - an amulet of harm (around neck)
 u - a ring of protection from magic (right hand)
Wands
 e - a wand of polymorph (19)
Scrolls
 h - 3 scrolls of enchant weapon
 k - 2 scrolls of remove curse
 l - 2 scrolls of teleportation
Potions
 g - a potion of flight {unknown}
 i - 6 potions of curing {unknown}
 m - a potion of brilliance
 n - a potion of haste {unknown}
 o - a potion of berserk rage {unknown}
 r - a potion of invisibility
 s - 2 potions of resistance
Comestibles
 f - 8 rations


   Skills:
 + Level 7.9 Fighting
 + Level 8.4 Axes
 - Level 2.0 Throwing
 + Level 7.7 Dodging


You had 7 spell levels left.
You didn't know any spells.
Your spell library was empty.

Dungeon Overview and Level Annotations

Branches:
Dungeon (7/15)
 Temple: D:4-7

Altars:
Ashenzari
Nemelex Xobeh
Qazlal
Vehumet
Xom

Shops:
D:7 ?

Annotations:
D:6 Blork the orc, Eustachio


Innate Abilities, Weirdness & Mutations

You reflexively headbutt those who attack you in melee.
You have a pair of horns on your head.
You have large cloven feet.
You are dopey. (Int -2)
You are resistant to hostile enchantments. (MR+)
You are robust. (+10% HP)


Message History

The hornet is heavily wounded.
The hornet struggles against the net. x2
The net rips apart, and the hornet comes free!
You miss the hornet. You kick the hornet, but do no damage.
The hornet is heavily wounded.
The hornet stings you.
You feel yourself slow down.
You barely miss the hornet. Your headbutt misses the hornet.
The hornet is heavily wounded.
You feel yourself speed up. The hornet stings you.
* * * LOW HITPOINT WARNING * * *
You feel yourself slow down. The hornet stings you!
* * * LOW HITPOINT WARNING * * *
You are poisoned.
You feel as though you will be slow longer.
The hornet closely misses you.
You hit the hornet.
The hornet is severely wounded.
You feel sick. The hornet stings you!
You die...

#......................# ....#.#
#.##.......#.##..#.###.# #......
...#......)#.###.#.###.#####.....
...'.......))...................#
#..#.......).....................
#..#..........##.#.........S.....
#. #..........##.#...............
# #............[#####.#.#.#.#...
#).#...........#@#####.#.#.#.#...
................y.......<........
# ..................##.###.......
##.o...###.......................
.....o..##.......................
................................>
# #...o.##..#'#.#......).........
######o.......#.#......#.#.......
#......###o.#.#.#......#.#.......


You could see a hornet.

Vanquished Creatures
  Prince Ribbit (D:6)
  2 sky beasts
  2 orc warriors (D:7)
  A phantom (D:5)
  2 ogres
  2 bullfrogs (D:6)
  A water moccasin zombie (D:7)
  4 wights (D:7)
  A crimson imp (D:6)
  A bullfrog zombie (D:5)
  A jelly (D:7)
  A centaur skeleton (D:7)
  6 orc wizards
  An iguana (D:6)
  A hound skeleton (D:6)
  3 gnolls (D:4)
  7 adders
  An ooze (D:4)
  A leopard gecko (D:7)
  10 orcs
  A bat (D:2)
  A giant cockroach (D:2)
  4 hobgoblins
  2 jackals (D:2)
  2 quokkas
  A frilled lizard (D:2)
  4 goblins
  A jackal zombie (D:5)
  A kobold (D:2)
  2 rats
68 creatures vanquished.

Notes
Turn   | Place    | Note
-------+----------+-------------------------------------------
     0 | D:1      | 4thArraOfDagon the Minotaur Gladiator began the quest for the Orb.
     0 | D:1      | Reached XP level 1. HP: 18/18 MP: 0/0
   111 | D:2      | Gained mutation: You are resistant to hostile enchantments. (MR+) [potion of mutation]
   111 | D:2      | Gained mutation: You are robust. (+10% HP) [potion of mutation]
   111 | D:2      | Gained mutation: You are dopey. (Int -2) [potion of mutation]
   111 | D:2      | Gained mutation: You have large cloven feet. [potion of mutation]
   115 | D:2      | Reached skill level 4 in Axes
   115 | D:2      | Reached XP level 2. HP: 14/27 MP: 1/1
   137 | D:2      | Found a sparkling altar of Nemelex Xobeh.
   139 | D:2      | Found a shattered altar of Ashenzari.
   145 | D:2      | Found a radiant altar of Vehumet.
   288 | D:3      | Reached XP level 3. HP: 26/34 MP: 2/2
   406 | D:3      | You fall through a shaft for 3 floors!
   456 | D:7      | Noticed an ogre
   457 | D:7      | Noticed a water moccasin
   468 | D:7      | Killed an ogre
   468 | D:7      | Reached XP level 4. HP: 44/44 MP: 3/3
   485 | D:7      | Noticed an orc warrior
   485 | D:7      | Noticed a hornet
   536 | D:6      | Noticed Eustachio
   539 | D:6      | Noticed a sky beast
   545 | D:5      | Entered Level 5 of the Dungeon
   552 | D:5      | Killed a sky beast
   552 | D:5      | Reached skill level 5 in Axes
   552 | D:5      | Reached XP level 5. HP: 42/51 MP: 4/4
   586 | D:4      | Reached skill level 5 in Dodging
   591 | D:4      | Reached XP level 6. HP: 20/60 MP: 5/5
   754 | D:5      | Reached skill level 5 in Fighting
   796 | D:5      | Found a shimmering altar of Xom.
   806 | D:5      | Reached skill level 6 in Axes
   821 | D:5      | Reached XP level 7. HP: 39/67 MP: 6/6
   928 | D:6      | Noticed Prince Ribbit
   935 | D:6      | Killed Prince Ribbit
  1023 | D:6      | Reached skill level 7 in Axes
  1092 | D:6      | Reached XP level 8. HP: 37/78 MP: 7/7
  1117 | D:6      | Found a stormy altar of Qazlal.
  1144 | D:6      | Noticed Blork the orc
  1201 | D:7      | Found Ixuodira's Magic Scroll Shoppe.
  1204 | D:7      | Bought a scroll of teleportation for 42 gold pieces
  1204 | D:7      | Bought a scroll of teleportation for 42 gold pieces
  1325 | D:7      | Reached skill level 8 in Axes
  1517 | D:7      | Slain by a hornet

Vault maps used:
D:1:      doesnt_arrival_eight_statues, minivault_19, grunt_decor_cap
D:2:      grunt_temple_overflow_open, minmay_misc_feat_encased,
          hangedman_decor_points, nrook_uturn
D:4:      corexii_corridor_pit
D:5:      minmay_temple_entry_poolview, first_ration, xom_confusion_cloud
D:6:      nicolae_qazlal_eye_of_the_storm, uniq_eustachio, uniq_prince_ribbit1,
          uniq_blork_the_orc
D:7:      lemuel_upstairs_altar, serial_shops, nicolae_shop_behind_doors,
          grunt_livestock

Skill      XL: |  1  2  3  4  5  6  7  8 |
---------------+-------------------------+-----
Axes           | 4 5 6 7 8 |  8.4
Fighting       | 3 4 5 6 7 |  7.9
Dodging        | 4 5 6 7 |  7.7
Throwing       | |  2.0

Action                   |  1- 3 |  4- 6 |  7- 9 || total
-------------------------+-------+-------+-------++-------
Melee: War axe           |    50 |    49 |    94 ||   193
       Headbutt          |     4 |    10 |    19 ||    33
       Kick              |     8 |     7 |    18 ||    33
Throw: Throwing net      |     2 |       |     8 ||    10
  Use: Potion            |     2 |       |     2 ||     4
       Scroll            |       |     7 |     2 ||     9
 Stab: Held in net/web   |       |       |     2 ||     2
       Invisible         |       |       |     3 ||     3
  Eat: Chunk             |       |       |     2 ||     2
Armor: Leather armour    |    11 |       |       ||    11
       Plate armour      |       |    35 |    64 ||    99
Dodge: Dodged            |    52 |    31 |    35 ||   118

Table legend:
 A = Spawn XP
 B = Non-spawn XP
 C = Spawn XP percentage of total XP
 D = Spawn monster count
 E = Non-spawn monster count
 F = Spawn count percentage of total count
 G = Total turns spent on level
                    A         B        C        D         E        F      G
               +---------+---------+-------+---------+---------+-------+---------
         Total |       0 |    2323 |   0.0 |       0 |      68 |   0.0 |  1517
               +---------+---------+-------+---------+---------+-------+---------
           D:1 |       0 |       3 |   0.0 |       0 |       2 |   0.0 |    67
           D:2 |       0 |      33 |   0.0 |       0 |      13 |   0.0 |   204
           D:3 |       0 |      16 |   0.0 |       0 |       6 |   0.0 |   181
           D:4 |       0 |     101 |   0.0 |       0 |       9 |   0.0 |   104
           D:5 |       0 |     451 |   0.0 |       0 |       8 |   0.0 |   233
           D:6 |       0 |     744 |   0.0 |       0 |      11 |   0.0 |   315
           D:7 |       0 |     975 |   0.0 |       0 |      19 |   0.0 |   413
               +---------+---------+-------+---------+---------+-------+---------
